TOP OF THE 1ST |
Portland Sea Dogs batting - Pitching for Bowie Baysox : RHP Travis Tovey
|
Pitching: RHP Travis Tovey
|
|
Batting: LHB Julian Toney
|
0-0: Called Strike 0-1: Ball 1-1: Foul Ball, location: 2F 1-2: Foul Ball, location: 2F 1-2: Ball 2-2: Strikes out swinging
|
Batting: LHB Blake Sams
|
0-0: Ball 1-0: Called Strike 1-1: Fly out, F6 (Line Drive, 6, EV 60.6 MPH)
|
Batting: LHB Brent Albertson
|
0-0: Ball 1-0: Ball 2-0: Foul Ball, location: 2F 2-1: Fly out, F8 (Flyball, 78D, EV 98.1 MPH)
|
Top of the 1st over - 0 runs, 0 hits, 0 errors, 0 left on base; Portland 0 - Bowie 0 |
BOTTOM OF THE 1ST |
Bowie Baysox batting - Pitching for Portland Sea Dogs : RHP Steve Capizzi
|
Pitching: RHP Steve Capizzi
|
|
Batting: RHB Jeremy Giesler
|
0-0: Called Strike 0-1: Called Strike 0-2: Ground out U3 (Groundball, 13, EV 90.0 MPH)
|
Batting: RHB Longfellow Wetzler
|
0-0: Ball 1-0: Ball 2-0: Foul Ball, location: 2F 2-1: Ground out 5-3 (Groundball, 56, EV 106.3 MPH)
|
Batting: RHB Dermott Neill
|
0-0: Called Strike 0-1: Fly out, F9 (Line Drive, 9D, EV 85.0 MPH)
|
Bottom of the 1st over - 0 runs, 0 hits, 0 errors, 0 left on base; Portland 0 - Bowie 0 |
TOP OF THE 2ND |
Portland Sea Dogs batting - Pitching for Bowie Baysox : RHP Travis Tovey
|
Batting: RHB Devon Fourcade
|
0-0: Ball 1-0: Called Strike 1-1: Swinging Strike 1-2: Ball 2-2: Ball 3-2: Base on Balls
|
Batting: LHB Dave Reyes
|
0-0: Ball 1-0: Called Strike 1-1: Fielders Choice at 2nd, 6-4 (Groundball, 6M, EV 78.8 MPH)
|
Batting: RHB Dan Friess
|
0-0: Ball Dave Reyes steals 2nd base 1-0: Ball 2-0: Ball Wild Pitch! Dave Reyes to third 3-0: Called Strike 3-1: Called Strike 3-2: Strikes out looking
|
Batting: RHB Neil Mautone
|
0-0: Ball 1-0: DOUBLE (Groundball, 5L, EV 107.5 MPH) Dave Reyes scores
|
Batting: RHB Carlos Nolasco
|
0-0: Called Strike 0-1: Called Strike 0-2: Foul Ball, location: 2F 0-2: Ball 1-2: Strikes out swinging
|
Top of the 2nd over - 1 run, 1 hit, 0 errors, 1 left on base; Portland 1 - Bowie 0 |
BOTTOM OF THE 2ND |
Bowie Baysox batting - Pitching for Portland Sea Dogs : RHP Steve Capizzi
|
Batting: SHB Tony Pantaleon
|
0-0: SINGLE (Groundball, 34S, EV 70.0 MPH) (infield hit)
|
Batting: RHB Danny Merrill
|
0-0: Grounds into double play, 6-4-3 (Groundball, 6MS, EV 83.1 MPH)
|
Batting: RHB Vince Jackson
|
0-0: Ball 1-0: Ball 2-0: Foul Ball, location: 2F 2-1: Called Strike 2-2: SINGLE (Groundball, 25, EV 69.4 MPH) (infield hit)
|
Batting: RHB Tony Logan
|
0-0: Ball 1-0: Ball 2-0: Foul Ball, location: 2F 2-1: Swinging Strike 2-2: Ball 3-2: Base on Balls Vince Jackson to second
|
Batting: LHB Momoru Yasui
|
0-0: SINGLE (Flyball, 56D, EV 87.5 MPH) Vince Jackson to third Tony Logan to second
|
Batting: SHB Eric Tiehen
|
0-0: Ball 1-0: Called Strike 1-1: Fly out, F7 (Flyball, 7D, EV 75.6 MPH)
|
Bottom of the 2nd over - 0 runs, 3 hits, 0 errors, 3 left on base; Portland 1 - Bowie 0 |
TOP OF THE 3RD |
Portland Sea Dogs batting - Pitching for Bowie Baysox : RHP Travis Tovey
|
Batting: RHB Joe Evrard
|
0-0: Foul Ball, location: 2F 0-1: Ball 1-1: SINGLE (Groundball, 34D, EV 103.1 MPH)
|
Batting: LHB Julian Toney
|
0-0: Called Strike 0-1: Ball 1-1: Foul Ball, location: 2F 1-2: Ball 2-2: Ball 3-2: Foul Ball, location: 2F 3-2: Base on Balls Joe Evrard to second
|
Batting: LHB Blake Sams
|
0-0: Fly out, F7 (Flyball, 7LM, EV 80.0 MPH)
|
Batting: LHB Brent Albertson
|
0-0: Fly out, F5 (Line Drive, 5, EV 70.6 MPH)
|
Batting: RHB Devon Fourcade
|
0-0: Ball 1-0: Ball 2-0: DOUBLE (Line Drive, 7LM, EV 101.3 MPH) Joe Evrard scores Julian Toney to third
|
Batting: LHB Dave Reyes
|
0-0: Ball 1-0: Called Strike 1-1: Foul Ball, location: 2F 1-2: Strikes out swinging
|
Top of the 3rd over - 1 run, 2 hits, 0 errors, 2 left on base; Portland 2 - Bowie 0 |
BOTTOM OF THE 3RD |
Bowie Baysox batting - Pitching for Portland Sea Dogs : RHP Steve Capizzi
|
Batting: RHB Jeremy Giesler
|
0-0: Swinging Strike 0-1: Ball 1-1: Ball 2-1: Foul Ball, location: 2F 2-2: DOUBLE (Line Drive, 9LM, EV 105.0 MPH)
|
Batting: RHB Longfellow Wetzler
|
0-0: Ball 1-0: Ball 2-0: Ball 3-0: Called Strike 3-1: Ground out 6-3 (Groundball, 6MD, EV 101.9 MPH) Jeremy Giesler to third
|
Batting: RHB Dermott Neill
|
0-0: Ball 1-0: Foul Ball, location: 2F 1-1: Fly out, F7 (Flyball, 7S, EV 81.9 MPH)
|
Batting: SHB Tony Pantaleon
|
0-0: Ball 1-0: Ball 2-0: Called Strike 2-1: Swinging Strike 2-2: Strikes out swinging
|
Bottom of the 3rd over - 0 runs, 1 hit, 0 errors, 1 left on base; Portland 2 - Bowie 0 |
TOP OF THE 4TH |
Portland Sea Dogs batting - Pitching for Bowie Baysox : RHP Travis Tovey
|
Batting: RHB Dan Friess
|
0-0: Foul Ball, location: 2F 0-1: Ball 1-1: Ball 2-1: Foul Ball, location: 2F 2-2: Ball 3-2: Fly out, F8 (Flyball, 78XD, EV 109.4 MPH)
|
Batting: RHB Neil Mautone
|
0-0: Called Strike 0-1: Ball 1-1: Ball 2-1: Ball 3-1: Fly out, F8 (Flyball, 8LM, EV 82.5 MPH)
|
Batting: RHB Carlos Nolasco
|
0-0: Called Strike 0-1: Ball 1-1: SINGLE (Groundball, 34S, EV 67.5 MPH) (infield hit)
|
Batting: RHB Joe Evrard
|
0-0: Ball 1-0: Foul Ball, location: 2F 1-1: Foul Ball, location: 2F 1-2: Reached on error, E4 (Groundball, 34, EV 100.0 MPH) Carlos Nolasco to second
|
Batting: LHB Julian Toney
|
0-0: Called Strike 0-1: Foul Ball, location: 2F 0-2: Strikes out swinging
|
Top of the 4th over - 0 runs, 1 hit, 1 error, 2 left on base; Portland 2 - Bowie 0 |
BOTTOM OF THE 4TH |
Bowie Baysox batting - Pitching for Portland Sea Dogs : RHP Steve Capizzi
|
Batting: RHB Danny Merrill
|
0-0: Ball 1-0: Ball 2-0: Swinging Strike 2-1: Ball 3-1: Fly out, F9 (Flyball, 9, EV 88.1 MPH)
|
Batting: RHB Vince Jackson
|
0-0: Ball 1-0: Foul Ball, location: 2F 1-1: Ground out 5-3 (Groundball, 56, EV 85.6 MPH)
|
Batting: RHB Tony Logan
|
0-0: Called Strike 0-1: Swinging Strike 0-2: Ground out 4-3 (Groundball, 6MD, EV 78.1 MPH)
|
Bottom of the 4th over - 0 runs, 0 hits, 0 errors, 0 left on base; Portland 2 - Bowie 0 |
TOP OF THE 5TH |
Portland Sea Dogs batting - Pitching for Bowie Baysox : RHP Travis Tovey
|
Batting: LHB Blake Sams
|
0-0: Called Strike 0-1: Foul Ball, location: 2F 0-2: Ball 1-2: Ground out 4-3 (Groundball, 34, EV 81.9 MPH)
|
Batting: LHB Brent Albertson
|
0-0: Swinging Strike 0-1: Ball 1-1: Swinging Strike 1-2: Ball 2-2: Ball 3-2: SINGLE (Groundball, 34D, EV 100.0 MPH)
|
Batting: RHB Devon Fourcade
|
0-0: Ball 1-0: Grounds into double play, 6-4-3 (Groundball, 6, EV 85.0 MPH)
|
Top of the 5th over - 0 runs, 1 hit, 0 errors, 0 left on base; Portland 2 - Bowie 0 |
BOTTOM OF THE 5TH |
Bowie Baysox batting - Pitching for Portland Sea Dogs : RHP Steve Capizzi
|
Batting: LHB Momoru Yasui
|
0-0: Called Strike 0-1: Ball 1-1: Foul Ball, location: 2F 1-2: Strikes out swinging
|
Batting: SHB Eric Tiehen
|
0-0: Ball 1-0: Fly out, F8 (Flyball, 8LD, EV 102.5 MPH)
|
Batting: RHB Jeremy Giesler
|
0-0: Called Strike 0-1: Ground out 6-3 (Groundball, 6, EV 83.1 MPH)
|
Bottom of the 5th over - 0 runs, 0 hits, 0 errors, 0 left on base; Portland 2 - Bowie 0 |
TOP OF THE 6TH |
Portland Sea Dogs batting - Pitching for Bowie Baysox : RHP Travis Tovey
|
Batting: LHB Dave Reyes
|
0-0: TRIPLE (Flyball, 7LD, EV 113.1 MPH)
|
Batting: RHB Dan Friess
|
0-0: Called Strike 0-1: Fly out, F4 (Popup, 4, EV 78.1 MPH)
|
Batting: RHB Neil Mautone
|
0-0: Ball 1-0: Fly out, F6 (Popup, 6, EV 68.1 MPH)
|
Batting: RHB Carlos Nolasco
|
0-0: Ball 1-0: Ball 2-0: Ball 3-0: Base on Balls
|
Pitching: RHP Mike Wheeler
|
|
Batting: RHB Joe Evrard
|
0-0: Fly out, F7 (Flyball, 7, EV 95.6 MPH)
|
Top of the 6th over - 0 runs, 1 hit, 0 errors, 2 left on base; Portland 2 - Bowie 0 |
BOTTOM OF THE 6TH |
Bowie Baysox batting - Pitching for Portland Sea Dogs : RHP Steve Capizzi
|
Batting: RHB Longfellow Wetzler
|
0-0: Called Strike 0-1: Called Strike 0-2: Ball 1-2: Foul Ball, location: 2F 1-2: Hit by Pitch
|
Batting: RHB Dermott Neill
|
0-0: Foul Ball, location: 2F 0-1: Ball 1-1: Foul Ball, location: 2F 1-2: Ball 2-2: Ball 3-2: SINGLE (Groundball, 6S, EV 76.9 MPH) (infield hit) Longfellow Wetzler to second
|
Batting: SHB Tony Pantaleon
|
0-0: Ball 1-0: Ball 2-0: Ball 3-0: Called Strike 3-1: SINGLE (Groundball, 4MD, EV 97.5 MPH) Longfellow Wetzler to third Dermott Neill to second Runner from 3rd tries for Home, SAFE, throw by CF to home
|
Batting: RHB Danny Merrill
|
0-0: Called Strike 0-1: Ball 1-1: Swinging Strike 1-2: Ball 2-2: Foul Ball, location: 2F 2-2: Ball 3-2: Fly out, F8 (Line Drive, 8LD, EV 90.0 MPH)
|
Batting: RHB Vince Jackson
|
0-0: Fly out, F4 (Flyball, 3D, EV 84.4 MPH)
|
Batting: RHB Tony Logan
|
0-0: DOUBLE (Line Drive, 89D, EV 106.3 MPH) Dermott Neill scores Tony Pantaleon to third Runner from 3rd tries for Home, SAFE, throw by RF to trailing runner, SAFE at third!
|
Batting: LHB Momoru Yasui
|
0-0: Called Strike 0-1: Ground out 4-3 (Groundball, 4, EV 85.0 MPH)
|
Bottom of the 6th over - 3 runs, 3 hits, 0 errors, 1 left on base; Portland 2 - Bowie 3 |
TOP OF THE 7TH |
Portland Sea Dogs batting - Pitching for Bowie Baysox : RHP Mike Wheeler
|
Batting: LHB Julian Toney
|
0-0: Swinging Strike 0-1: Foul Ball, location: 2F 0-2: Strikes out swinging
|
Batting: LHB Blake Sams
|
0-0: Swinging Strike 0-1: Called Strike 0-2: Strikes out looking
|
Batting: LHB Brent Albertson
|
0-0: Swinging Strike 0-1: Ball 1-1: Foul Ball, location: 2F 1-2: DOUBLE (Groundball, 5L, EV 103.1 MPH)
|
Batting: RHB Devon Fourcade
|
0-0: Called Strike 0-1: Foul Ball, location: 2F 0-2: Strikes out swinging
|
Top of the 7th over - 0 runs, 1 hit, 0 errors, 1 left on base; Portland 2 - Bowie 3 |
BOTTOM OF THE 7TH |
Bowie Baysox batting - Pitching for Portland Sea Dogs : RHP Steve Capizzi
|
Pitching: LHP Danny Schneible
|
|
Batting: SHB Eric Tiehen
|
0-0: Ground out 6-3 (Groundball, 6, EV 82.5 MPH)
|
Batting: RHB Jeremy Giesler
|
0-0: Called Strike 0-1: Foul Ball, location: 2F 0-2: Ball 1-2: Ground out 6-3 (Groundball, 6, EV 93.8 MPH)
|
Batting: RHB Longfellow Wetzler
|
0-0: Ball 1-0: Called Strike 1-1: Ball 2-1: Foul Ball, location: 2F 2-2: Ball 3-2: Base on Balls
|
Batting: RHB Dermott Neill
|
0-0: Ball 1-0: Called Strike 1-1: Ball 2-1: Foul Ball, location: 2F 2-2: Strikes out swinging
|
Bottom of the 7th over - 0 runs, 0 hits, 0 errors, 1 left on base; Portland 2 - Bowie 3 |
TOP OF THE 8TH |
Portland Sea Dogs batting - Pitching for Bowie Baysox : RHP Mike Wheeler
|
Batting: LHB Dave Reyes
|
0-0: Foul Ball, location: 2F 0-1: Ball 1-1: Ball 2-1: Called Strike 2-2: Foul Ball, location: 2F 2-2: Ground out 6-3 (Groundball, 6, EV 90.6 MPH)
|
Pinch Hitting: LHB Alex Mendoza
|
0-0: Ball 1-0: Ball 2-0: Ball 3-0: Foul Ball, location: 2F 3-1: Base on Balls
|
Batting: RHB Neil Mautone
|
0-0: Swinging Strike 0-1: Ball 1-1: Swinging Strike 1-2: Strikes out swinging
|
Batting: RHB Carlos Nolasco
|
0-0: Ball 1-0: Called Strike 1-1: Foul Ball, location: 2F 1-2: Strikes out looking
|
Top of the 8th over - 0 runs, 0 hits, 0 errors, 1 left on base; Portland 2 - Bowie 3 |
BOTTOM OF THE 8TH |
Bowie Baysox batting - Pitching for Portland Sea Dogs : LHP Danny Schneible
|
Pitching: RHP Pedro Torres
|
|
Now at 2B: Arcot Ramathorn
|
|
Batting: SHB Tony Pantaleon
|
0-0: Ground out 5-3 (Groundball, 5S, EV 58.8 MPH)
|
Batting: RHB Danny Merrill
|
0-0: Ball 1-0: Called Strike 1-1: Swinging Strike 1-2: Ball 2-2: Foul Ball, location: 2F 2-2: Ball 3-2: Fly out, F9 (Flyball, 9D, EV 75.6 MPH)
|
Batting: RHB Vince Jackson
|
0-0: Swinging Strike 0-1: Foul Ball, location: 2F 0-2: Strikes out swinging
|
Bottom of the 8th over - 0 runs, 0 hits, 0 errors, 0 left on base; Portland 2 - Bowie 3 |
TOP OF THE 9TH |
Portland Sea Dogs batting - Pitching for Bowie Baysox : RHP Mike Wheeler
|
Pitching: RHP Alfredo Leiva
|
|
Now at 1B: Pat Shaddock
|
|
Batting: RHB Joe Evrard
|
0-0: Called Strike 0-1: Swinging Strike 0-2: Ball 1-2: Foul Ball, location: 2F 1-2: Foul Ball, location: 2F 1-2: Strikes out looking
|
Batting: LHB Julian Toney
|
0-0: Called Strike 0-1: Ball 1-1: Foul Ball, location: 2F 1-2: Ground out 4-3 (Groundball, 4, EV 106.3 MPH)
|
Batting: LHB Blake Sams
|
0-0: DOUBLE (Groundball, 3L, EV 106.3 MPH)
|
Batting: LHB Brent Albertson
|
0-0: Ball 1-0: Ball 2-0: Called Strike 2-1: Foul Ball, location: 2F 2-2: Ball 3-2: Strikes out swinging
|
Top of the 9th over - 0 runs, 1 hit, 0 errors, 1 left on base; Portland 2 - Bowie 3 |
|